 Dungeon Crawl Stone Soup version 0.21-a0-286-g6fcecc0 (webtiles) character file.

94 tidbits the Grave Robber (level 4, -1/33 HPs)
             Began as a Draconian Necromancer on Sept 25, 2017.
             Shot with an arrow by a centaur (3 damage)
             ... on level 5 of the Dungeon.
             The game lasted 00:06:03 (1030 turns).

tidbits the Grave Robber (Draconian Necromancer)    Turns: 1030, Time: 00:06:04

Health: -1/33      AC:  6    Str: 10    XL:     4   Next: 38%
Magic:  6/8        EV: 12    Int: 16    God:
Gold:   36         SH:  0    Dex: 12    Spells: 0/8 levels left

rFire    . . .     SeeInvis .   a - book of Necromancy
rCold    . . .     Gourm    .   (no shield)
rNeg     . . .     Faith    .   (armour unavailable)
rPois    .         Spirit   .   (helmet restricted)
rElec    .         Reflect  .   (no cloak)
rCorr    .         Harm     .   (no gloves)
MR       .....                  F - +0 pair of boots
Stlth    +++.......             (no amulet)
HPRegen  0.11/turn              e - ring of stealth
MPRegen  0.11/turn              (no ring)

@: no status effects
A: unfitting armour, cold-blooded, AC +5
a: no special abilities


You were on level 5 of the Dungeon.
You were not hungry.

You visited 1 branch of the dungeon, and saw 5 of its levels.

You collected 36 gold pieces.

Inventory:

Hand Weapons
 c - a +0 dagger
 i - a +0 war axe
Missiles
 j - 12 arrows
Armour
 h - a +0 large shield
 F - a +0 pair of boots (worn)
Jewellery
 e - a ring of stealth (left hand)
   (You found it on level 1 of the Dungeon)
Scrolls
 f - a scroll of fear {unknown}
 k - a scroll of enchant armour {unknown}
 m - a scroll of magic mapping {unknown}
 n - a scroll of identify {unknown}
Potions
 d - 2 potions of degeneration {unknown}
Books
 a - a book of Necromancy (in hand)

   Spells                             Type                      Level
   a - Pain                           Necromancy                   1
   b - Animate Skeleton               Necromancy                   1
   c - Vampiric Draining              Necromancy                   3
   d - Regeneration                   Charms/Necromancy            3
   e - Animate Dead                   Necromancy                   4
   f - Control Undead                 Necromancy                   4
Comestibles
 b - 2 bread rations
 g - 3 chunks of flesh
 l - 3 royal jellies


   Skills:
 - Level 1.7 Dodging
 - Level 1.7 Stealth
 + Level 2.9 Spellcasting
 * Level 5.4 Necromancy


You couldn't memorise any spells.
You knew the following spells:

 Your Spells              Type           Power        Failure   Level  Hunger
a - Pain                  Necr           ###.         1%          1    #......
n - Animate Skeleton      Necr           N/A          1%          1    #......
r - Regeneration          Chrm/Necr      ##........   19%         3    ###....
v - Vampiric Draining     Necr           ###.......   6%          3    ###....


Dungeon Overview and Level Annotations

Branches:
Dungeon (5/15)
 Temple: D:4-7

Altars:
Gozag
Nemelex Xobeh


Innate Abilities, Weirdness & Mutations

Your plain brown scales are hard. (AC +5)
You cannot fit into any form of body armour.
You are cold-blooded and may be slowed by cold attacks.


Message History

You swing at nothing.
You swing at nothing.
You swing at nothing.
You feel sick.
You are no longer poisoned.
You swing at nothing.
You swing at nothing.
You swing at nothing.
You swing at nothing.
You swing at nothing.
You swing at nothing.
You swing at nothing.
You swing at nothing.
You swing at nothing.
You swing at nothing.
You swing at nothing.
You swing at nothing.
You swing at nothing.
You swing at nothing.
You swing at nothing.
You swing at nothing.
Casting: Vampiric Draining
Confirm with . or Enter, or press ? or * to list all spells.
You attempt to give life to the dead...
Before your eyes, flesh is ripped from the corpse!
The dead are slithering!
g - 4 chunks of flesh (gained 1)
You are feeling hungry.
You see here a shiny scale mail.
o - a shiny scale mail Drop what? 16/52 slots (_ for help) (? for menu, Esc to quit)
You drop a shiny scale mail.
Casting: Animate Skeleton
Confirm with . or Enter, or press ? or * to list all spells.
Aiming: Pain
Press: ? - help, Shift-Dir - straight line, f - bat
Aim: a bat (chance to defeat MR: 89%)
The bat writhes in agony!
You kill the bat!
d - 2 sedimented dark potions (gained 1) Eat one of 4 chunks of flesh? (ye/n/q)
You eat one of the 4 chunks of flesh.
This raw flesh tastes terrible.
Found a stone staircase leading down.
A kobold comes into view.
A kobold is nearby!
Casting: Pain
Confirm with . or Enter, or press ? or * to list all spells.
Aiming: Pain
Press: ? - help, Shift-Dir - straight line, f - kobold
Aim: a kobold (resting, chance to defeat MR: 89%)
The kobold writhes in agony!
You kill the kobold!
There is a stone staircase leading down here.
There is a stone staircase leading down here.
You climb downwards.
Your mindless thrall stays behind.
You hear the sound of rushing water.
There is an entrance to a sewer on this level.
Hurry and find it before the portal rusts away!
Found a stone staircase leading down.
There is a stone staircase leading up here.
There is a stone staircase leading down here.
You climb downwards.
A centaur comes into view.
Found a bread ration and 2 steel tomahawks.
Found an escape hatch in the ceiling.
There is a stone staircase leading up here.
The centaur shouts!
You hear a shout!
An orc and an orc wizard come into view.
The orc wizard shouts!
You hear a shout!
The centaur completely misses you. The centaur hits you.
Casting: Pain
Confirm with . or Enter, or press ? or * to list all spells.
Aiming: Pain
Press: ? - help, Shift-Dir - straight line, f - centaur
Aim: a centaur (chance to defeat MR: 78%)
The centaur writhes in agony!
The orc shouts!
The centaur closely misses you. The orc wizard casts a spell at you.
The puff of flame hits you!
Casting: Pain
Confirm with . or Enter, or press ? or * to list all spells.
Aiming: Pain
Press: ? - help, Shift-Dir - straight line, f/p - centaur
Aim: a centaur (moderately wounded, chance to defeat MR: 78%)
The centaur barely resists.
The centaur hits you.
* * * LOW HITPOINT WARNING * * *
The centaur barely misses you.
An orc priest comes into view. It is wielding a hand axe.
The centaur wields a runed shortbow.
The centaur shoots an arrow.
The arrow hits you!
* * * LOW HITPOINT WARNING * * *
An orc comes into view. It is wielding a club.
You see here an arrow.
The centaur shoots an arrow.
The arrow hits you.
* * * LOW HITPOINT WARNING * * *
You hear a shout!
There is a stone staircase leading up here.
You see here an arrow.
You hear a shout!
The centaur shoots an arrow.
The arrow hits you.
You die...

.o.. #...#
...o## ....%+
#.oo# #...#
.####+###...+
.......@(...#
..........c.#
<......##...#
....... #...#
....... ....#
....... ....#
....(.......#
#############


You could see a centaur and an orc wizard.

Vanquished Creatures
  5 adders
  2 dart slugs
  2 leopard geckos (D:2)
  An orc (D:3)
  A giant cockroach (D:2)
  2 goblins (D:2)
  A hobgoblin (D:1)
  3 kobolds
  A quokka (D:2)
  9 bats
  A frilled lizard (D:2)
  2 rats
30 creatures vanquished.

Vanquished Creatures (collateral kills)
  2 adders (D:2)
  A leopard gecko (D:3)
  2 rats (D:2)
5 creatures vanquished.

Grand Total: 35 creatures vanquished

Notes
Turn   | Place    | Note
-------+----------+-------------------------------------------
     0 | D:1      | tidbits the Draconian Necromancer began the quest for the Orb.
     0 | D:1      | Reached XP level 1. HP: 14/14 MP: 3/3
   228 | D:1      | Reached XP level 2. HP: 19/20 MP: 3/5
   231 | D:1      | Learned a level 1 spell: Animate Skeleton
   423 | D:2      | Reached XP level 3. HP: 15/26 MP: 0/6
   428 | D:2      | Learned a level 3 spell: Vampiric Draining
   529 | D:2      | Reached skill level 5 in Necromancy
   573 | D:2      | Found a sparkling altar of Nemelex Xobeh.
   574 | D:2      | Found an opulent altar of Gozag.
   798 | D:3      | Reached XP level 4. HP: 20/33 MP: 0/8
   833 | D:3      | Learned a level 3 spell: Regeneration
  1023 | D:5      | Entered Level 5 of the Dungeon
  1023 | D:5      | Noticed a centaur
  1029 | D:5      | HP: 2/33 [centaur/arrow (3)]
  1030 | D:5      | Shot with an arrow by a centaur

Vault maps used:
D:1:      giann_bridges, tso_altar
D:2:      grunt_temple_overflow_opulence
D:3:      nicolae_overflow_hidden_temple, zin_angel
D:4:      minmay_temple_entry_junction_2, serial_shops, shop,
          portal_sewer_entry_f, first_bread, hex_large
D:5:      minmay_overflow_temple_star_quad

Skill      XL: |  1  2  3 |
---------------+----------+-----
Necromancy     | 5 |  5.4
Dodging        | |  1.7
Stealth        | |  1.7
Spellcasting   | |  2.9

Action                   |  1- 3 |  4- 6 || total
-------------------------+-------+-------++-------
Melee: Dagger            |    10 |       ||    10
 Cast: Pain              |    54 |    14 ||    68
       Animate Skeleton  |     4 |     3 ||     7
       Vampiric Draining |       |     2 ||     2
       Regeneration      |       |     1 ||     1
 Stab: Sleeping          |     2 |       ||     2
  Eat: Chunk             |     1 |     2 ||     3
Armor: Skin              |     3 |     1 ||     4
Dodge: Dodged            |    14 |     7 ||    21

Table legend:
 A = Spawn XP
 B = Non-spawn XP
 C = Spawn XP percentage of total XP
 D = Spawn monster count
 E = Non-spawn monster count
 F = Spawn count percentage of total count
 G = Total turns spent on level
                    A         B        C        D         E        F      G
               +---------+---------+-------+---------+---------+-------+---------
         Total |       0 |     135 |   0.0 |       0 |      35 |   0.0 |  1030
               +---------+---------+-------+---------+---------+-------+---------
           D:1 |       0 |      17 |   0.0 |       0 |       9 |   0.0 |   279
           D:2 |       0 |      68 |   0.0 |       0 |      17 |   0.0 |   475
           D:3 |       0 |      50 |   0.0 |       0 |       9 |   0.0 |   261
               +---------+---------+-------+---------+---------+-------+---------

Table legend:
 A = Turns spent in this place as a percentage of turns spent in the entire game.
 B = Non-inter-level travel turns spent in this place as a percentage of non-inter-level travel turns spent in the entire game.
 C = Inter-level travel turns spent in this place as a percentage of turns spent in this place.
 D = Turns resting spent in this place as a percentage of non-inter-level travel turns spent in this place.
 E = Turns spent auto-exploring this place as a percentage of non-inter-level travel turns spent in this place.
 F = Non-inter-level travel turns spent in this place divided by the number of levels of this place that you've seen.
                   A       B       C       D       E      F
               +-------+-------+-------+-------+-------+----------------------
         Total | 100.0 | 100.0 |   1.6 |   0.0 |   0.0 | 202.8
       Dungeon | 100.0 | 100.0 |   1.6 |   0.0 |   0.0 | 202.8
               +-------+-------+-------+-------+-------+----------------------

Table legend:
 A = Kills in this place as a percentage of kills in entire the game.
 B = Kills by you in this place as a percentage of kills by you in the entire game.
 C = Kills by friends in this place as a percentage of kills by friends in the entire game.
 D = Other kills in this place as a percentage of other kills in the entire game.
 E = Experience gained in this place as a percentage of experience gained in the entire game.
 F = Experience gained in this place divided by the number of levels of this place that you have seen.
                   A       B       C       D       E      F
               +-------+-------+-------+-------+-------+----------------------
         Total | 100.0 | 100.0 | 100.0 |   N/A | 100.0 |  27.0
       Dungeon | 100.0 | 100.0 | 100.0 |   N/A | 100.0 |  27.0
               +-------+-------+-------+-------+-------+----------------------

Vault maps used:
D:1:      giann_bridges, tso_altar
D:2:      grunt_temple_overflow_opulence
D:3:      nicolae_overflow_hidden_temple, zin_angel
D:4:      minmay_temple_entry_junction_2, serial_shops, shop,
          portal_sewer_entry_f, first_bread, hex_large
D:5:      minmay_overflow_temple_star_quad
